 Dungeon Crawl Stone Soup version 0.26-a0-665-gefeb406119 (webtiles) character file.

Game seed: 2054182193743817498

168 robertstho the Bolt Thrower (level 5, 0/33 HPs)
             Began as a Kobold Hunter on Oct 15, 2020.
             Slain by an orc priest
             ... wielding a cursed -3 flail
              (2 damage)
             ... on level 4 of the Dungeon.
             The game lasted 00:03:25 (1709 turns).

robertstho the Bolt Thrower (Kobold Hunter)         Turns: 1709, Time: 00:03:25

Health: 0/33       AC:  9    Str: 10    XL:     5   Next: 78%
Magic:  5/5        EV:  7    Int: 13    God:
Gold:   13         SH:  0    Dex: 15    Spells: 4/4 levels left

rFire    . . .     SeeInvis .   b - +0 short sword
rCold    . . .     Faith    .   (shield restricted)
rNeg     . . .     Spirit   .   o - +1 chain mail
rPois    .         Reflect  .   (no helmet)
rElec    .         Harm     .   (no cloak)
rCorr    .         Rampage  .   (no gloves)
MR       .....                  (no boots)
Stlth    ..........             (no amulet)
HPRegen  0.11/turn              (no ring)
MPRegen  0.09/turn              (no ring)

@: about to teleport
A: small, nightstalker 3
a: no special abilities


You were on level 4 of the Dungeon.
You visited 1 branch of the dungeon, and saw 3 of its levels.

You collected 106 gold pieces.
You spent 93 gold pieces at shops.

Inventory:

Hand Weapons
 a - a +2 hand crossbow
 b - a +0 short sword (weapon)
Missiles
 d - a bolt
Armour
 c - a +0 leather armour
 o - a +1 chain mail (worn)
Scrolls
 e - a scroll of enchant weapon
 q - a scroll of magic mapping
 r - a scroll of remove curse
Potions
 f - 3 potions of ambrosia {unknown}
 i - a potion of stabbing {unknown}
 j - a potion of haste {unknown}
 k - a potion of magic {unknown}


   Skills:
 * Level 3.9 Fighting
 + Level 6.2 Crossbows
 + Level 0.5 Armour
 + Level 2.6 Dodging
 * Level 3.3 Stealth


You had 4 spell levels left.
You didn't know any spells.
Your spell library was empty.

Dungeon Overview and Level Annotations

Branches:
Dungeon (2/15)

Altars:

Shops:
D:4 ?

Annotations:
D:4 good scroll shop


Innate Abilities, Weirdness & Mutations

You are small and have problems with some larger weapons.
You are completely attuned to the shadows.


Message History

* * * LOW HITPOINT WARNING * * *
As you read the scroll labeled HUPTOE ZIFOWI, it crumbles to dust.
You hear a loud clanging noise!
It was a scroll of noise.
You hear an angry hiss.
You hear a shout! x2; You hear a bark! x2
You hear a shout!
You hear a bark! x2
The orc priest looks satisfied for a moment.
The phantom hits you.
* * * LOW HITPOINT WARNING * * *
The phantom blinks!
As you read the scroll labeled GIRHUU FYSTRACKES, it crumbles to dust.
It is a scroll of enchant armour.
Your +0 chain mail glows green for a moment.
The orc throws a stone.
The stone hits you.
* * * LOW HITPOINT WARNING * * *
As you read the scroll labeled LAWKIX GYNT, it crumbles to dust.
You feel strangely unstable.
It was a scroll of teleportation.
The phantom blinks!
The orc priest hits you with a cursed -3 flail.
You die...

#.##.o(#...#
#..#(#####.# ##...####
# ##...... #.o####
##################.#
.......†.......# #.#
######+#######.###o###
#.# #.§@oo....
#####.##### #.....####
#...'.'...# #..####
#.###.###.# #W## #.#
#.# #.# #.#
##'###.###'###.#
.............+.#
##'###.###'###.## #.#
#.# #.# #..#


You could see a phantom, an orc warrior, an orc priest and an orc.

Vanquished Creatures
  A scorpion (D:4)
  A hound (D:4)
  A worker ant (D:4)
  4 gnolls (D:4)
  A dart slug (D:1)
  A ball python (D:4)
  2 giant cockroaches
  3 goblins
  3 hobgoblins
  5 kobolds
  2 bats (D:1)
  2 frilled lizards
  5 rats
31 creatures vanquished.

Notes
Turn   | Place    | Note
-------+----------+-------------------------------------------
     0 | D:1      | robertstho the Kobold Hunter began the quest for the Orb.
     0 | D:1      | Reached XP level 1. HP: 12/12 MP: 1/1
   313 | D:1      | Reached XP level 2. HP: 18/18 MP: 2/2
   319 | D:1      | Reached skill level 5 in Crossbows
   955 | D:2      | Reached XP level 3. HP: 21/22 MP: 3/3
  1069 | D:2      | You fall into a shaft and drop 2 floors!
  1081 | D:4      | Reached XP level 4. HP: 20/27 MP: 4/4
  1229 | D:4      | Reached skill level 6 in Crossbows
  1229 | D:4      | Reached XP level 5. HP: 18/32 MP: 5/5
  1646 | D:4      | Found Inaakhee's Magic Scroll Boutique.
  1655 | D:4      | Bought a scroll of magic mapping for 38 gold pieces
  1655 | D:4      | Bought a scroll of identify for 22 gold pieces
  1655 | D:4      | Bought a scroll of remove curse for 33 gold pieces
  1663 | D:4      | Noticed a phantom
  1689 | D:4      | Noticed an orc warrior
  1709 | D:4      | Slain by an orc priest

Illustrated notes

Levels and vault maps discovered:
D:1:      enne_arrival_octagon_isle, layout_loops_cross
D:2:      layout_basic
D:4:      layout_rooms, serial_shops, shop, grunt_ministairs_10,
          minmay_door_square, kennysheep_okawaru_gauntlet

Skill      XL: |  1  2  3  4 |
---------------+-------------+-----
Stealth        | 2 3 |  3.3
Crossbows      | 5 6 |  6.2
Fighting       | 3 |  3.9
Armour         | |  0.5
Dodging        | |  2.6

Action                   |  1- 3 |  4- 6 || total
-------------------------+-------+-------++-------
Melee: Short sword       |       |     9 ||     9
 Fire: Hand crossbow     |    58 |    53 ||   111
  Use: Scroll            |       |     6 ||     6
       Potion            |       |     1 ||     1
Armor: Leather armour    |     1 |       ||     1
       Chain mail        |    17 |    35 ||    52
Dodge: Dodged            |     9 |    18 ||    27

Table legend: (Time is in decaauts)
 A = Elapsed time spent in this place.
 B = Non-inter-level travel time spent in this place.
 C = Inter-level travel time spent in this place.
 D = Time resting spent in this place.
 E = Time spent auto-exploring this place.
 F = Levels seen in this place.
 G = Mean time per level.
                   A        B        C        D        E       F      G
               +--------+--------+--------+--------+--------+-----+--------+
         Total |   1733 |   1698 |     35 |      0 |   1363 |   3 |  577.7 |
       Dungeon |   1733 |   1698 |     35 |      0 |   1363 |   3 |  577.7 |
               +--------+--------+--------+--------+--------+-----+--------+

Top non-repeatable levels by time:
     D:1: 840 daAuts
     D:4: 652 daAuts
     D:2: 239 daAuts
